 Dungeon Crawl Stone Soup version bcrawl-1.18.1 (webtiles) character file.

Game seed: 4138597702938258591

221 Freyura the Cudgeler (level 5, 0/41 HPs)
             Began as a Demonspawn Gladiator on Nov 13, 2019.
             Killed by nerve-wracking pain
             ... invoked by an orc priest
              (8 damage)
             ... on level 3 of the Dungeon.
             The game lasted 00:05:23 (1730 turns).

Freyura the Cudgeler (Demonspawn Gladiator)         Turns: 1730, Time: 00:05:23

Health: 0/41       AC:  6    Str: 14    XL:     5   Next: 65%
Magic:  5/5        EV: 12    Int:  9    God:
Gold:   83         SH:  4    Dex: 18    Spells: 4/4 levels left

rFire    . . .     SeeInvis .   h - +2 mace (drain)
rCold    . . .     Gourm    .   k - +0 buckler
rNeg     . . .     Faith    .   i - +0 ring mail
rPois    .         Spirit   .   (helmet restricted)
rElec    .         Reflect  .   (no cloak)
rCorr    .         Harm     .   g - +0 pair of gloves
MR       .....                  (no boots)
Stlth    +.........             (no amulet)
HPRegen  0.13/turn              (no ring)
MPRegen  0.09/turn              (no ring)

@: no status effects
A: horns 1, thin skeletal structure 1
a: no special abilities


You were on level 3 of the Dungeon.
You were hungry.

You visited 1 branch of the dungeon, and saw 3 of its levels.

You collected 83 gold pieces.

Inventory:

Hand Weapons
 a - a +0 flail
 h - a +2 mace of draining (weapon)
Missiles
 d - 3 throwing nets (quivered) {!f}
Armour
 b - a +0 leather armour
 g - a +0 pair of gloves (worn)
 i - a +0 ring mail (worn)
 k - a +0 buckler (worn)
Scrolls
 j - a scroll of fear {unknown}
 m - 2 scrolls of remove curse
 n - a scroll of amnesia {unknown}
Potions
 e - a potion of curing
 l - a potion of ambrosia {unknown}
Comestibles
 f - 8 rations {!d}


   Skills:
 + Level 3.1 Fighting
 * Level 4.1 Maces & Flails
 - Level 1.7 Throwing
 + Level 1.8 Armour
 + Level 3.4 Dodging
 + Level 1.3 Shields


You had 4 spell levels left.
You didn't know any spells.
Your spell library was empty.

Dungeon Overview and Level Annotations

Branches:
Dungeon (3/12)

Altars:
Elyvilon


Innate Abilities, Weirdness & Mutations

You have a pair of small horns on your head.
You have a somewhat thin skeletal structure. (Dex +2, Stealth)


Message History

You are too injured to fight recklessly!
You are too injured to fight recklessly!
You are too injured to fight recklessly!
You are too injured to fight recklessly!
You are too injured to fight recklessly!
You are too injured to fight recklessly!
You are too injured to fight recklessly!
You are too injured to fight recklessly!
You are too injured to fight recklessly!
You are too injured to fight recklessly!
You are too injured to fight recklessly!
You are too injured to fight recklessly!
You are too injured to fight recklessly!
The orc priest mumbles some strange prayers to Beogh against you.
Beogh smites you!
* * * LOW HITPOINT WARNING * * *
The orc hits you but does no damage.
The orc priest calls down the wrath of Beogh upon you.
Pain shoots through your body!
You die...

....... ....... #. #.#
....... ... #.# .......
...########.# .......
..........#.####...# ..
..........?.......##...
...!.o..@.....†.........
................)..###..
.$.....o..........#
##....)...........#
#...........(....#
#................#
#................#
##.<............###...
##.....##..........#


You could see an orc priest and an orc.

Vanquished Creatures
  A phantom (D:3)
  A howler monkey (D:3)
  2 adders (D:3)
  2 oozes
  2 worms
  A leopard gecko (D:3)
  3 orcs
  3 giant cockroaches
  6 hobgoblins
  3 jackals (D:2)
  3 quokkas
  2 ball pythons (D:2)
  3 bats (D:1)
  2 frilled lizards (D:1)
  6 goblins
  9 kobolds
  7 rats
56 creatures vanquished.

Notes
Turn   | Place    | Note
-------+----------+-------------------------------------------
     0 | D:1      | Freyura the Demonspawn Gladiator began the quest for the
                  | Orb.
     0 | D:1      | Reached XP level 1. HP: 16/16 MP: 1/1
   422 | D:1      | Gained mutation: You have a pair of small horns on your
                  | head. [demonic ancestry]
   422 | D:1      | Reached XP level 2. HP: 19/22 MP: 2/2
   430 | D:1      | Reached skill level 3 in Maces & Flails
   804 | D:1      | Gained mutation: You have a somewhat thin skeletal
                  | structure. (Dex +2, Stealth) [demonic ancestry]
   804 | D:1      | Reached XP level 3. HP: 28/28 MP: 3/3
  1031 | D:2      | Reached skill level 1 in Armour
  1202 | D:2      | Found a white marble altar of Elyvilon.
  1559 | D:3      | Reached XP level 4. HP: 30/34 MP: 4/4
  1627 | D:3      | Noticed a phantom
  1678 | D:3      | Killed a phantom
  1678 | D:3      | Reached skill level 4 in Maces & Flails
  1678 | D:3      | Reached skill level 1 in Shields
  1678 | D:3      | Reached XP level 5. HP: 23/41 MP: 5/5
  1730 | D:3      | Killed from afar by an orc priest

Skill      XL: |  1  2  3  4 |
---------------+-------------+-----
Maces & Flails | 3 4 |  4.1
Dodging        | 3 |  3.4
Armour         | 1 |  1.8
Fighting       | 3 |  3.1
Shields        | 1 |  1.3
Throwing       | |  1.7

Action                   |  1- 3 |  4- 6 || total
-------------------------+-------+-------++-------
Melee: Flail             |    35 |       ||    35
       Mace              |    60 |    38 ||    98
       Headbutt          |    10 |     7 ||    17
  Use: Scroll            |     4 |       ||     4
  Eat: Chunk             |     2 |       ||     2
Armor: Leather armour    |    23 |       ||    23
       Ring mail         |     9 |     9 ||    18
Dodge: Dodged            |    66 |    23 ||    89
Block: Buckler           |     2 |    13 ||    15
